 Dungeon Crawl Stone Soup version 0.29-a0-2-g12fcac58f8 (webtiles) character file.

Game seed: 2988629367358069273

3234 funkygono the Arsonist (level 9, 0/45 HPs)
             Began as a Gargoyle Fire Elementalist on Jan 26, 2022.
             Was a Follower of Vehumet.
             Slain by an orc knight (6 damage)
             ... in a bailey.
             The game lasted 00:16:15 (9145 turns).

funkygono the Arsonist (Gargoyle Fire Elementalist) Turns: 9145, Time: 00:16:15

Health: 0/45       AC: 18    Str: 12    XL:     9   Next: 98%
Magic:  9/30       EV: 10    Int: 20    God:    Vehumet [*.....]
Gold:   669        SH:  0    Dex: 10    Spells: 14/24 levels left

rFire   . . .      SeeInvis .   h - +4 flail (drain)
rCold   . . .      Faith    .   (no shield)
rNeg    + . .      Spirit   .   j - +3 ring mail {Will+}
rPois   ∞          Reflect  .   t - +1 helmet
rElec   +          Harm     .   (no cloak)
rCorr   .          Rampage  .   x - +0 pair of gloves
Will    +....                   (no boots)
Stlth   +.........              (no amulet)
HPRegen 0.15/turn               n - ring of magical power
MPRegen 0.22/turn               (no ring)

@: no status effects
A: sickness immunity, AC +6, negative energy resistance 1, electricity
resistance, torment resistance 1, petrification resistance
a: Renounce Religion


You were in a bailey.
You worshipped Vehumet.
Vehumet was aware of your devotion.
You visited 2 branches of the dungeon, and saw 8 of its levels.
You also visited: Bailey.

You collected 669 gold pieces.

Inventory:

Hand Weapons
 g - a +0 whip
 h - a +4 flail of draining (weapon)
 B - a +1 whip of venom
Missiles
 d - 217 stones
 l - 2 throwing nets
Armour
 a - a +0 robe
 b - a +0 leather armour
 j - a +3 ring mail of willpower (worn)
 m - +0 steam dragon scales
 q - the +2 robe "Emyoseo" {+Inv Dex+2}
   (You found it on level 5 of the Dungeon)

   Dex:       It affects your dexterity (+2).
   +Inv:      It lets you turn invisible.
 t - a +1 helmet (worn)
 x - a +0 pair of gloves (worn)
Magical Staves
 o - a staff of conjuration
 r - a staff of earth
Jewellery
 n - a ring of magical power (left hand)
 p - a ring of ice
Wands
 i - a wand of iceblast (3)
 y - a wand of mindburst (8)
 C - a wand of flame (9)
Scrolls
 k - a scroll of fog
Potions
 c - a potion of curing
 e - a potion of resistance
 u - a potion of brilliance
 v - a potion of attraction {unknown}
 w - a potion of berserk rage {unknown}
 z - a potion of flight {unknown}
 D - a potion of mutation {unknown}


   Skills:
 + Level 0.2 Fighting
 + Level 1.5 Maces & Flails
 * Level 4.4 Armour
 + Level 2.0 Dodging
 - Level 2.1 Stealth
 * Level 8.2 Spellcasting
 * Level 4.9 Conjurations
 * Level 8.7 Fire Magic


You had 14 spell levels left.
You knew the following spells:

 Your Spells              Type           Power      Damage    Failure   Level
a - Foxfire               Conj/Fire      100%       2x1d9     1%          1
b - Scorch                Fire           86%        2d9       1%          2
c - Conjure Flame         Conj/Fire      35%        6-21      3%          3
d - Flame Wave            Conj/Fire      35%        2d8       11%         4

Your spell library contained the following spells:

 Spells                   Type           Power      Damage    Failure   Level
 Sandblast                Erth           16%        2d6       19%         1
 Inner Flame              Hex/Fire       25%        N/A       9%          3
 Frozen Ramparts          Ice            16%        1d3       47%         3
 Ice Form                 Ice/Tmut       8%         N/A       87%         4
 Summon Ice Beast         Ice/Summ       8%         N/A       87%         4


Dungeon Overview and Level Annotations

Branches:
Dungeon (7/15)             Temple (1/1) D:6          Bailey (1/1)

Altars:
Cheibriados
Dithmenos
Elyvilon
Fedhas
Gozag
Hepliaklqana
Kikubaaqudgha
Nemelex Xobeh
Okawaru
Qazlal
Ru
Sif Muna
Uskayaw
Vehumet
Zin
The Shining One

Annotations:
D:5 3 runed translucent doors, NigelTetley's ghost, novice FoFi


Innate Abilities, Weirdness & Mutations

You are immune to sickness and miasma.
Your stone body is resilient. (AC +6)
You are immune to poison.
You resist negative energy. (rN+)
You are resistant to electric shocks. (rElec)
You are resistant to unholy torment.
You are immune to petrification.


Message History

Flames lash the kobold.
You kill the kobold!
Vehumet accepts your kill.
The orc knight hits you but does no damage.
Unknown command.
Casting: Scorch (safe; 1% risk of failure)
Confirm with . or Enter, or press ? or * to list all spells.
Flames lash the orc knight.
The orc knight is burned terribly!
The orc knight is moderately wounded.
The orc knight hits you with a +0 broad axe!
Unknown command.
Casting: Scorch (safe; 1% risk of failure)
Confirm with . or Enter, or press ? or * to list all spells.
Flames lash the orc knight.
The orc knight is burned terribly!
The orc knight is heavily wounded.
The orc knight hits you with a +0 broad axe.
Unknown command.
Casting: Scorch (safe; 1% risk of failure)
Confirm with . or Enter, or press ? or * to list all spells.
Flames lash the orc knight but do no damage.
The orc knight hits you with a +0 broad axe!
Unknown command.
Casting: Scorch (safe; 1% risk of failure)
Confirm with . or Enter, or press ? or * to list all spells.
Flames lash the orc knight.
The orc knight is burned terribly!
The orc knight is severely wounded.
The orc knight hits you with a +0 broad axe.
Unknown command.
Casting: Scorch (safe; 1% risk of failure)
Confirm with . or Enter, or press ? or * to list all spells.
Flames lash the orc knight.
The orc knight is burned terribly!
The orc knight is severely wounded.
The orc knight hits you with a +0 broad axe!
* * * LOW HITPOINT WARNING * * *
Unknown command.
Casting: Scorch (safe; 1% risk of failure)
Confirm with . or Enter, or press ? or * to list all spells.
Flames lash the orc knight but do no damage.
The orc knight hits you with a +0 broad axe.
You die...

####### ##.....##
#...∩...# #.......#
##..∩..## ##')'##
#@))# #o(.# #))(#
####)((####
##≈..).(..≈##
#####≈≈.......≈≈#
#....≈≈..)....≈≈...
#.###≈≈.......≈≈###
...≈≈.......≈≈..


You could see an orc knight (combustible).

Vanquished Creatures
  Maggie (D:6)
  Menkaure (D:4)
  A water moccasin (D:6)
  3 orc warriors
  4 ogres
  Blork the orc (D:6)
  8 kobold brigands
  A scorpion (D:6)
  3 water moccasin zombies
  A gnoll sergeant (D:5)
  5 wights (D:7)
  A hound (D:4)
  A centaur skeleton (D:5)
  5 orc priests
  2 jellies
  Ijyb (D:4)
  A gnoll shaman (D:5)
  4 iguanas
  3 orc wizards
  A hound zombie (D:4)
  4 hound skeletons
  18 gnolls
  5 adders
  7 river rats (D:5)
  A white imp (D:7)
  An ufetubus (D:6)
  3 adder zombies (D:4)
  2 worms (D:4)
  3 dart slugs
  16 orcs
  A ball python (D:4)
  A bat (D:1)
  3 endoplasms
  2 giant cockroaches
  3 goblins
  8 hobgoblins
  2 jackals (D:4)
  28 kobolds
  5 quokkas (D:5)
  5 frilled lizards
  16 rats
182 creatures vanquished.

Vanquished Creatures (others)
  462 foxfires
  3 plants (D:1)
  4 withered plants
469 creatures vanquished.

Grand Total: 651 creatures vanquished

Notes
Turn   | Place    | Note
-------+----------+-------------------------------------------
     0 | D:1      | funkygono the Gargoyle Fire Elementalist began the quest
                  | for the Orb.
     0 | D:1      | Reached XP level 1. HP: 10/10 MP: 3/3
   295 | D:1      | Reached XP level 2. HP: 15/15 MP: 1/5
   298 | D:1      | Learned a level 2 spell: Scorch
   594 | D:1      | Found a faded altar of an unknown god.
  1951 | D:2      | Reached XP level 3. HP: 19/19 MP: 6/6
  2336 | D:3      | Found a hazy altar of Hepliaklqana.
  2590 | D:3      | Found a stormy altar of Qazlal.
  2654 | D:3      | Found a shadowy altar of Dithmenos.
  2824 | D:3      | Reached XP level 4. HP: 24/24 MP: 8/8
  3045 | D:3      | Learned a level 3 spell: Conjure Flame
  3268 | D:4      | Reached XP level 5. HP: 28/28 MP: 9/9
  3277 | D:4      | Learned a level 4 spell: Flame Wave
  3342 | D:4      | Noticed Ijyb
  3389 | D:4      | Killed Ijyb
  3606 | D:4      | Reached skill level 1 in Maces & Flails
  3606 | D:4      | Reached skill level 5 in Fire Magic
  3606 | D:4      | Reached XP level 6. HP: 32/32 MP: 9/11
  3834 | D:4      | Found a snail-covered altar of Cheibriados.
  4357 | D:4      | Found a glowing golden altar of the Shining One.
  4422 | D:4      | Noticed Menkaure
  4448 | D:4      | Killed Menkaure
  4449 | D:4      | Reached XP level 7. HP: 19/36 MP: 9/13
  4829 | D:4      | Found a blossoming altar of Fedhas.
  5033 | D:5      | Entered Level 5 of the Dungeon
  5453 | D:5      | Reached skill level 5 in Spellcasting
  5459 | D:5      | Reached XP level 8. HP: 41/41 MP: 13/15
  5582 | D:5      | Identified the +2 robe "Emyoseo" {+Inv Dex+2}
  5976 | D:5      | HP: 2/41 [ogre (10)]
  6886 | D:5      | Noticed NigelTetley's ghost (novice FoFi)
  6893 | D:5      | Found a runed translucent gate.
  6893 | D:5      | Found a runed translucent gate.
  6894 | D:5      | Found a runed translucent gate.
  7303 | D:6      | Found a staircase to the Ecumenical Temple.
  7304 | D:6      | Noticed Maggie
  7318 | D:6      | Killed Maggie
  7319 | D:6      | Reached XP level 9. HP: 31/45 MP: 12/19
  7402 | Temple   | Entered the Ecumenical Temple
  8253 | D:6      | Found a radiant altar of Vehumet.
  8257 | D:6      | Became a worshipper of Vehumet
  8410 | D:6      | Noticed Blork the orc
  8414 | D:6      | Killed Blork the orc
  8826 | D:7      | Found a flagged portal.
  8837 | Bailey   | Entered a bailey
  8859 | Bailey   | Reached * piety under Vehumet
  8859 | Bailey   | Offered knowledge of Sandblast by Vehumet.
  9132 | Bailey   | Noticed an orc knight
  9145 | Bailey   | Slain by an orc knight

Illustrated notes

Levels and vault maps discovered:
D:1:      psy_arrival_radial01, layout_basic,
          shapermc_ecumenical_altar_flowoftime, serial_rivers,
          chequers_serial_rivers_small_b, chequers_serial_rivers_micro_c,
          chequers_serial_rivers_small_b, chequers_serial_rivers_room_b,
          chequers_serial_rivers_micro_c
D:2:      layout_loops_cross
D:3:      layout_loops_cross, grunt_qazlal_clouds,
          mainiacjoe_overflow_boulevard, lemuel_coloured_pillars_altar
D:4:      minmay_door_path, layout_basic, nicolae_tso_swordbearing_angel,
          lemuel_crystal_altar, cheibrodos_worm_habitat, serial_undead,
          serial_undead_e, serial_undead_e, serial_undead_e, serial_undead_c,
          uniq_ijyb, uniq_menkaure
D:5:      lemuel_ratsnest, layout_basic, gammafunk_ghost_split
D:6:      layout_basic, vehumet_crystals, minmay_temple_entry_glass,
          uniq_maggie, uniq_blork_the_orc
D:7:      layout_gridville, trog_ov_bears_minmay, doesnt_xom_only_xom,
          enter_bailey_2
Temple:   compressed_dpeg_triangle_lava_temple
Bailey:   bailey_axe_3, bailey

Skill      XL: |  1  2  3  4  5  6  7  8  9 |
---------------+----------------------------+-----
Spellcasting   | 3 4 5 6 8 |  8.2
Fire Magic     | 4 5 6 7 8 |  8.7
Maces & Flails | 1 |  1.5
Conjurations   | 2 3 4 |  4.9
Armour         | 2 3 4 |  4.4
Dodging        | 2 |  2.0
Fighting       | |  0.2
Stealth        | |  2.1

Action                   |  1- 3 |  4- 6 |  7- 9 || total
-------------------------+-------+-------+-------++-------
Melee: Unarmed           |     4 |       |       ||     4
       Whip              |    19 |    35 |       ||    54
       Club              |     3 |       |       ||     3
       Punch             |       |     1 |       ||     1
       Flail             |       |       |    17 ||    17
 Cast: Foxfire           |    38 |    40 |   194 ||   272
       Scorch            |     9 |    35 |   112 ||   156
       Conjure Flame     |       |       |     2 ||     2
       Flame Wave        |       |       |     2 ||     2
  Use: Scroll            |       |    11 |     7 ||    18
       Potion            |       |     3 |       ||     3
Armor: Robe              |     7 |    14 |    17 ||    38
       Ring mail         |       |     6 |    14 ||    20
Dodge: Dodged            |    18 |    30 |    55 ||   103

Table legend: (Time is in decaauts)
 A = Elapsed time spent in this place.
 B = Non-inter-level travel time spent in this place.
 C = Inter-level travel time spent in this place.
 D = Time resting spent in this place.
 E = Time spent auto-exploring this place.
 F = Levels seen in this place.
 G = Mean time per level.
                   A        B        C        D        E       F      G
               +--------+--------+--------+--------+--------+-----+--------+
         Total |   9172 |   8948 |    224 |   1267 |   6230 |   9 | 1019.1 |
       Dungeon |   8577 |   8371 |    206 |   1125 |   5916 |   7 | 1225.3 |
        Temple |    286 |    269 |     17 |      0 |    260 |   1 |  286.0 |
        Bailey |    308 |    308 |      0 |    142 |     54 |   1 |  308.0 |
               +--------+--------+--------+--------+--------+-----+--------+

Top non-repeatable levels by time:
     D:4: 2090 daAuts
     D:5: 1941 daAuts
     D:1: 1550 daAuts
     D:6: 1115 daAuts
     D:3: 923 daAuts
     D:2: 717 daAuts
  Bailey: 308 daAuts
  Temple: 286 daAuts
     D:7: 238 daAuts
